 Dungeon Crawl Stone Soup version 0.28.0-53-g5a82cb258f (webtiles) character file.

Game seed: 6675262538821555681

793553 SnailSD the Axe Maniac (level 27, -10/273 HPs)
             Began as a Minotaur Berserker on Aug 19, 2022.
             Was the Champion of Trog.
             Killed from afar by a hellion (16 damage)
             ... with damnation
             ... in Pandemonium on Aug 24, 2022.
             The game lasted 05:11:50 (80256 turns).

SnailSD the Axe Maniac (Minotaur Berserker)        Turns: 80256, Time: 05:11:55

Health: -10/273    AC: 59    Str: 32    XL:     27
Magic:  19/19      EV: 14    Int:  9    God:    Trog [******]
Gold:   13691      SH:  0    Dex:  8    Spells: 26/26 levels left

rFire   + + +      SeeInvis .   Y - +9 executioner's axe (protect)
rCold   + + .      Faith    .   (shield currently unavailable)
rNeg    + + +      Spirit   .   X - +8 orange crystal plate armour {Archmagi, Int+3 Clar}
rPois   +          Reflect  .   W - +1 hat of Resourcefulness {rF+}
rElec   +          Harm     .   l - +2 cloak of Sin {Drain rElec rF++ Stlth+}
rCorr   +          Rampage  .   V - +5 pair of gloves of Fantiph {rN+ Will+ rCorr Int+2}
Will    ++...      Archmagi +   R - +2 pair of boots
Stlth   .......... Clarity  +   t - amulet of regeneration
HPRegen 1.35/turn               x - ring of Due Proportion {rElec rPois rC+ Will- Slay+4}
MPRegen 0.16/turn               s - ring "Xaus" {*Slow rN++ AC+4}

@: studying Polearms
A: horns 2, retaliatory headbutt, berserk 3, clumsy 2, cold resistance 1, low MP
1, weak 1
}: 7/15 runes: decaying, serpentine, slimy, silver, abyssal, demonic, fiery
a: Renounce Religion, Berserk, Trog's Hand, Brothers in Arms


You were in Pandemonium.
You worshipped Trog.
Trog was exalted by your worship.
You visited 14 branches of the dungeon, and saw 55 of its levels.
You visited Pandemonium 2 times, and saw 8 of its levels.
You visited the Abyss 2 times.
You visited 1 bazaar.
You also visited: Trove, Gauntlet and Desolation.

You collected 17021 gold pieces.
You spent 3330 gold pieces at shops.

Inventory:

Hand Weapons
 Y - a +9 executioner's axe of protection (weapon)
Missiles
 D - 64 poisoned darts (quivered)
Armour
 l - the +2 cloak of Sin (worn) {Drain rElec rF++ Stlth+}
   (You acquired it on level 1 of the Crypt)

   rF:        It greatly protects you from fire.
   rElec:     It insulates you from electricity.
   Drain:     It drains your maximum health when unequipped.
   Stlth:     It makes you more stealthy.
 R - a +2 pair of boots (worn)
 V - the +5 pair of gloves of Fantiph (worn) {rN+ Will+ rCorr Int+2}
   (You found it on level 1 of the Snake Pit)

   Int:       It affects your intelligence (+2).
   rN:        It protects you from negative energy.
   rCorr:     It protects you from acid and corrosion.
   Will:      It increases your willpower.
 W - the +1 hat of Resourcefulness (worn) {rF+}
   (You found it in Pandemonium)

   rF:        It protects you from fire.
 X - the +8 orange crystal plate armour (worn) {Archmagi, Int+3 Clar}
   (You found it on level 2 of the Depths)

   Int:       It affects your intelligence (+3).
   Clar:      It protects you against confusion.
Jewellery
 b - an amulet of the acrobat
 q - a ring of fire
 s - the ring "Xaus" (right hand) {*Slow rN++ AC+4}
   (You found it in Pandemonium)

   [ring of protection]

   AC:        It affects your AC (+4).
   rN:        It greatly protects you from negative energy.
   *Slow:     It may slow you when you take damage.
 t - an amulet of regeneration (around neck)
 x - the ring of Due Proportion (left hand) {rElec rPois rC+ Will- Slay+4}
   (You found it in a treasure trove)

   [ring of slaying]

   Slay:      It affects your accuracy & damage with ranged weapons and melee
   (+4).
   rC:        It protects you from cold.
   rElec:     It insulates you from electricity.
   rPois:     It protects you from poison.
   Will:      It decreases your willpower.
 P - a ring of protection from cold
 Q - a ring of protection from fire
 U - a ring of willpower
Wands
 r - a wand of mindburst (26)
 C - a wand of iceblast (6)
 G - a wand of acid (25)
 I - a wand of polymorph (26)
 K - a wand of paralysis (32)
 M - a wand of digging (33)
 O - a wand of charming (25)
Scrolls
 a - 11 scrolls of fear
 c - 5 scrolls of silence
 i - 3 scrolls of summoning
 j - 2 scrolls of blinking
 m - 3 scrolls of fog
 n - 5 scrolls of magic mapping
 p - 19 scrolls of teleportation
 v - 6 scrolls of enchant weapon
 y - 3 scrolls of noise
 H - 4 scrolls of holy word
 Z - 5 scrolls of enchant armour
Potions
 d - 4 potions of might
 e - 11 potions of lignification
 f - 10 potions of curing
 g - a potion of magic
 k - 9 potions of cancellation
 u - 5 potions of berserk rage
 w - 9 potions of attraction
 z - 4 potions of resistance
 A - 7 potions of heal wounds
 B - 8 potions of flight
 E - 2 potions of ambrosia
 F - 3 potions of haste
 J - 5 potions of mutation
 N - 11 potions of invisibility
Miscellaneous
 h - the horn of Geryon
 o - a box of beasts
 T - a tin of tremorstones (2/2)


   Skills:
 O Level 27 Fighting
 O Level 27 Axes
 O Level 27 Armour
 O Level 27 Dodging
 + Level 26.2 Evocations


You had 26 spell levels left.
You didn't know any spells.
Your spell library was empty.

Dungeon Overview and Level Annotations

Branches:
Dungeon (15/15)            Temple (1/1) D:6            Lair (6/6) D:11
  Swamp (4/4) Lair:2        Snake (4/4) Lair:4        Slime (5/5) Lair:6
    Orc (2/2) D:11            Elf (3/3) Orc:2        Vaults (5/5) D:14
  Crypt (3/3) Vaults:2       Tomb (1/3) Crypt:3      Depths (4/4) D:15
   Hell (visited)             Dis (0/7) Hell            Geh (1/7) Hell
    Coc (0/7) Hell            Tar (0/7) Hell            Zot (0/5) Depths:4
Desolation (visited)      Gauntlet (visited)

Altars:
Ashenzari
Cheibriados
Dithmenos
Elyvilon
Fedhas
Gozag
Hepliaklqana
Kikubaaqudgha
Makhleb
Nemelex Xobeh
Okawaru
Qazlal
Ru
Sif Muna
Trog
Uskayaw
Vehumet
Wu Jian
Xom
Yredelemnul
Zin
The Shining One
Jiyva

Shops:
D:2 ?   D:9 *   Orc:2 :[*:   Snake:2 ?!   Snake:3 *?   Vaults:3 *   Vaults:5 =[
Depths:2 :=:

Portals:
Hell: Depths:1 Depths:2 Depths:3 Depths:4
Abyss: Depths:3 Depths:4
Pandemonium: Depths:1 Depths:2
Ziggurat: Depths:2

Annotations:
D:15 Roxanne


Innate Abilities, Weirdness & Mutations

You have a pair of horns on your head.
You reflexively headbutt those who attack you in melee.
You have an uncontrollable temper.
You are very clumsy. (Dex -4)
Your flesh is cold resistant. (rC+)
Your magical capacity is low. (-10% MP)
You are weak. (Str -2)


Message History

The weird stuff shatters into small pieces.
The hellion gives a hideous shriek!
You hear a hideous shriek!
The hellion gestures at you.
The sphere of damnation explodes!
The damnation engulfs you!!
You hear a hideous shriek! x5; You hear a trumpeting!
Found 38 gold pieces.
A hellion comes into view. 2 hellions come into view.
The hellephant trumpets!
The hellion gives a hideous shriek! x2
The hellion gestures at you.
The sphere of damnation explodes!
The damnation engulfs you!! The hellion gestures at you.
The sphere of damnation explodes!
The damnation engulfs you!! The hellion gestures at you.
The sphere of damnation explodes!
The damnation engulfs you!! The hellion gestures at you.
The sphere of damnation explodes!
The damnation engulfs you!! The hellion gestures at you.
The sphere of damnation explodes!
The damnation engulfs you!! The hellion gestures at you.
The sphere of damnation explodes!
The damnation engulfs you! The hellion gestures at you.
The sphere of damnation explodes!
The damnation engulfs you!!!
* * * LOW HITPOINT WARNING * * *
The hellion moves out of view.
You hear a hideous shriek!
A hellion comes into view.
The hellion gives a hideous shriek!
The hellion gestures at you.
The sphere of damnation explodes!
The damnation engulfs you!
* * * LOW HITPOINT WARNING * * *
The hellion gestures at you.
The sphere of damnation explodes!
The damnation engulfs you!!!
* * * LOW HITPOINT WARNING * * *
The hellion gestures at you.
The sphere of damnation explodes!
The damnation engulfs you!!
* * * LOW HITPOINT WARNING * * *
The hellion gestures at you.
The sphere of damnation explodes!
The damnation engulfs you!
You die...

##.# #....≈ #.## ...§.≈≈ ..#
##.# ##..§≈§≈≈ §§.# ### #.##
#.$.≈§§§ ≈≈.. #.# ##.#
#...≈≈§§ ≈≈≈.) #.###.##
#..≈≈≈§§. §≈≈.. #..##.#
#.≈§≈≈22. ≈§≈≈.
#....#######.≈§§2222 §≈≈≈.
#.##.......@.≈≈≈2222 2§§§§
#.####...####≈≈≈≈22Y 2≈§§§
#.####.#.####≈≈§≈§2| ≈≈§≈§
#...##.#..##..≈≈≈≈22 ≈≈≈.#
###...........≈≈≈≈≈≈2§≈≈≈...
####.##.∩#...≈≈≈§≈§≈≈≈§...
#.# #.....≈≈≈≈§§§§§....
#.#####....§≈≈≈≈≈......
#...).........§≈§......


You could see 12 hellions.

Vanquished Creatures
  Cerebov (Pan)
  Dissolution (Slime:4)
  the Royal Jelly (Slime:5)
  2 dread liches
  3 ancient liches
  Mara (Depths:3)
  Mennas (Vaults:3)
  2 royal mummies (Tomb:1)
  3 juggernauts
  Sojobo (Vaults:2)
  Boris (thrice) (Vaults:2 Vaults:4 Depths:4)
  Margery (Depths:3)
  7 pandemonium lords (Pan)
  Bai Suzhen (Depths:1)
  Frederick (Vaults:2)
  Saint Roka (Snake:4)
  Xtahua (Vaults:2)
  Vashnia (Snake:4)
  Geryon (Hell)
  2 golden dragons
  Nikola (Depths:1)
  4 bone dragons
  2 profane servitors
  A Tzitzimitl (Pan)
  An iron giant (Hell)
  4 Brimstone Fiends (Pan)
  10 tentacled monstrosities
  6 Ice Fiends (Pan)
  7 Hell Sentinels
  8 searing wretches
  The ghost of Peloso the Hoplite, an adept MiFi of Okawaru (Snake:3)
  7 liches
  A quicksilver dragon (Vaults:5)
  2 deep elf blademasters
  6 titans
  23 acid blobs
  15 sphinxes
  7 Executioners (Pan)
  Agnes (Snake:4)
  Frances (Swamp:1)
  2 shadow dragons (Vaults:5)
  2 thorn hunters (Swamp:4)
  6 tentacled starspawn
  8 tengu reavers
  4 ancient champions
  4 storm dragons
  Donald (Snake:2)
  12 azure jellies
  2 revenants
  6 demonspawn warmongers (Pan)
  3 fenstrider witches
  11 fire giants
  2 iron dragons (Vaults:5)
  8 rockslimes
  14 vault wardens
  7 frost giants
  4 imperial myrmidons (Desolation)
  5 deep elf sorcerers
  26 balrugs
  4 nagarajas (Snake:4)
  Louise (Elf:2)
  9 cacodemons (Pan)
  2 curse skulls (Crypt:1)
  3 ghost moths (Pan)
  3 spriggan defenders
  Aizul (Snake:1)
  A juggernaut zombie (Crypt:2)
  2 orc warlords
  8 deep elf elementalists
  19 reapers
  5 ghouls
  7 quicksilver oozes
  20 ironbound preservers
  7 demonspawn blood saints (Pan)
  A draconian annihilator (Depths:4)
  15 demonspawn corrupters (Pan)
  A war gargoyle (Vaults:3)
  6 ironbound thunderhulks
  10 demonspawn black suns (Pan)
  17 very ugly things
  10 stone giants
  6 eleionomae
  6 vampire knights
  A minotaur (Gauntlet)
  2 spark wasps
  A putrid mouth (Hell)
  A black draconian (Depths:4)
  A dire elephant (shapeshifter) (Vaults:3)
  A white draconian (Depths:4)
  A purple draconian (Depths:4)
  7 deep elf demonologists
  Azrael (Orc:2)
  9 deep elf annihilators
  3 halazid warlocks
  A yellow draconian (Depths:4)
  24 lorocyprocas
  3 bunyips (Swamp:3)
  4 iron golems
  5 crystal guardians
  9 dire elephants
  6 deep elf death magi
  10 blizzard demons
  14 ettins
  6 green deaths (Pan)
  5 mummy priests (Tomb:1)
  Snorg (D:13)
  17 jiangshi
  The ghost of Ravvyt Pui the Grappler, a journeyman TrEE (D:12)
  4 fire dragons
  3 eidola (Crypt:1)
  2 pearl dragon zombies (Depths:3)
  17 yaktaur captains
  6 deep elf high priests
  10 great orbs of eyes
  16 ragged hierophants (Desolation)
  11 naga warriors
  7 boulder beetles
  A shambling mangrove (Swamp:4)
  4 hell beasts
  3 rakshasas
  6 ice dragons
  26 hydras
  35 vault guards
  A spriggan skeleton (Abyss:1)
  A ghost crab (Swamp:4)
  8 servants of whispers (Desolation)
  13 peacekeepers
  The ghost of anyiome the Ducker, a novice TrFi of the Shining One (D:10)
  8 spriggan air magi
  4 ogre magi
  A stoker (Hell)
  5 salamander tyrants
  Erica (Orc:1)
  11 alligators
  4 catoblepae
  8 death knights
  6 deep troll shamans
  15 ironbound frosthearts
  10 centaur warriors
  22 death scarabs (Tomb:1)
  7 anacondas
  23 dancing weapons
  19 two-headed ogres
  6 vampire magi (Crypt:1)
  6 death yaks (Lair:6)
  4 thrashing horrors (Abyss:1)
  4 spriggan berserkers
  7 tengu warriors
  3 deep troll earth magi
  14 naga sharpshooters
  11 hell hogs
  7 shock serpents
  17 soul eaters
  76 sun demons
  13 hell knights
  22 deep elf knights
  10 iron trolls
  2 goliath frogs
  8 shadow wraiths
  7 wretched stars
  8 sixfirhies
  28 skeletal warriors
  A steelbarb worm (shapeshifter) (Depths:2)
  An anaconda zombie (Hell)
  3 spriggan druids (Swamp:2)
  8 salamander mystics
  5 bog bodies
  2 spatial maelstroms
  46 deep trolls
  6 deep elf archers
  8 flayed ghosts
  3 naga ritualists
  A spriggan simulacrum (Crypt:3)
  A swamp dragon (shapeshifter) (Vaults:4)
  11 wizards
  Pikel (D:8)
  15 shadow demons
  23 phantasmal warriors
  3 glowing orange brains
  12 lindwurms
  9 swamp dragons
  A harpy (Depths:2)
  26 ironbound convokers
  21 deep elf zephyrmancers
  27 deep elf pyromancers
  9 orc knights
  An anaconda skeleton (Hell)
  8 necromancers
  2 oklob plants (Lair:4)
  3 orc sorcerers
  5 will-o-the-wisps
  5 mana vipers
  36 ugly things
  5 worldbinders
  7 manticores
  28 salamanders
  A cyclops (shapeshifter) (Depths:4)
  A dire elephant zombie (Hell)
  5 cyclopes
  4 apis skeletons (Depths:3)
  5 shining eyes
  8 guardian serpents
  10 naga magi
  29 black mambas
  17 vault sentinels
  10 elephants
  40 smoke demons
  7 eyes of devastation
  16 orange demons
  A gargoyle (D:14)
  8 rust devils
  3 hellions (Pan)
  10 freezing wraiths
  A torpor snail (Gauntlet)
  18 demonic crawlers
  5 unseen horrors
  13 cane toads
  Psyche (D:8)
  37 yaktaurs
  4 tengu conjurers
  20 komodo dragons
  5 efreet (Pan)
  7 rime drakes
  4 ice devils (Depths:1)
  8 tormentors
  10 hellwings
  A komodo dragon (shapeshifter) (Vaults:2)
  A catoblepas skeleton (Crypt:2)
  A queen bee (Gauntlet)
  A death yak skeleton (Crypt:1)
  2 sea snake skeletons (Hell)
  9 guardian mummies (Tomb:1)
  5 red devils (Pan)
  6 ancient zymes
  6 meliai
  A silent spectre (Abyss:1)
  2 hydra zombies (Hell)
  5 polar bears
  A harpy zombie (Abyss:3)
  8 tyrant leeches
  15 trolls
  A polar bear (shapeshifter) (Elf:1)
  9 raiju
  18 blink frogs
  10 hornets
  An ettin zombie (Hell)
  6 dream sheep (Lair:5)
  82 saltlings (Desolation)
  84 slime creatures
  3 air elementals
  14 water elementals
  69 flying skulls
  28 small abominations
  30 ynoxinuls
  4 shadows
  8 spriggans
  12 wraiths
  48 yaks
  3 vampires
  9 wyverns
  A black mamba skeleton (Abyss:1)
  A dire elephant simulacrum (Abyss:2)
  2 basilisks
  10 neqoxecs
  9 fire bats
  12 golden eyes
  20 chaos spawn
  A steam dragon (Lair:5)
  7 fire elementals
  2 redbacks (shapeshifter)
  3 wargs
  A deep troll zombie (Crypt:2)
  13 swamp worms
  47 large abominations
  33 nagas
  A faun skeleton (Crypt:2)
  A water nymph zombie (Crypt:1)
  A hydra simulacrum (Hell)
  16 water moccasins
  2 floating eyes
  A floating eye (shapeshifter) (Vaults:4)
  15 hell hounds
  Duvessa (D:7)
  A meliai simulacrum (D:14)
  An ice beast (D:6)
  24 orc warriors
  A cane toad zombie (Crypt:1)
  10 swamp drakes
  2 black bears
  An alligator simulacrum (Hell)
  5 necrophages
  3 wolves (Lair:6)
  21 ogres
  2 snapping turtle skeletons
  2 phantoms
  16 centaurs
  A torpor snail zombie (Crypt:2)
  2 kobold brigands
  A fire crab zombie (Crypt:1)
  A gnoll sergeant (D:7)
  9 bullfrogs
  4 scorpions
  An earth elemental (Elf:3)
  Dowan (D:7)
  A cyclops skeleton (Crypt:2)
  18 killer bees
  9 wights (D:10)
  8 howler monkeys
  4 electric eels
  A yak skeleton (Crypt:1)
  2 lava snakes (Snake:2)
  10 crimson imps
  9 centaur zombies
  30 starcursed masses
  A bullfrog zombie (D:7)
  2 quasits
  6 hounds
  A bullfrog skeleton (D:5)
  Crazy Yiuf (D:5)
  10 orc priests
  A centaur skeleton (D:7)
  2 iron imps (Abyss:1)
  An iguana (D:5)
  Natasha (thrice) (D:2)
  19 orc wizards
  8 hell rats
  A demigod zombie (Crypt:1)
  A naga skeleton (Crypt:1)
  10 mummies (Tomb:1)
  3 gnolls (D:7)
  5 adders
  A swamp drake skeleton (Crypt:1)
  3 shadow imps
  6 white imps
  8 ufetubi
  An adder zombie (Crypt:1)
  2 worms
  3 dart slugs
  64 orcs
  A bat zombie (Crypt:2)
  9 endoplasms
  5 giant cockroaches
  6 hobgoblins
  3 jackals (D:1)
  11 kobolds
  A quokka (D:10)
  5 ball pythons
  8 bats
  2 frilled lizards
  8 goblins
  2 rats
  3 briar patches (Swamp:4)
  A bush (Lair:4)
  7 fire vortices
  8 starspawn tentacles
2938 creatures vanquished.

Vanquished Creatures (collateral kills)
  A deep elf sorcerer (Elf:3)
  A reaper (Pan)
  A deep elf annihilator (Elf:3)
  A deep elf death mage (Elf:3)
  A deep elf high priest (Elf:3)
  A naga sharpshooter (Snake:4)
  A swamp dragon (Swamp:1)
  A will-o-the-wisp (Swamp:1)
  A hellwing (Pan)
  A ynoxinul (Pan)
  A chaos spawn (Pan)
11 creatures vanquished.

Vanquished Creatures (others)
  2 ghost moths (Pan)
  A reaper (Hell)
  A demonspawn black sun (Pan)
  A demonspawn blood saint (Pan)
  A putrid mouth (Hell)
  A lorocyproca (Pan)
  A sixfirhy (Pan)
  2 deep elf zephyrmancers
  A deep elf pyromancer (Elf:3)
  2 smoke demons (Pan)
  A black mamba (Snake:2)
  An orange demon (Pan)
  A tormentor (Pan)
  3 bloated husks
  5 ynoxinuls (Pan)
  2 chaos spawn (Pan)
  2 neqoxecs (Pan)
  A naga (Snake:3)
  An orc (D:11)
  A kobold (D:1)
  4 blocks of ice (Pan)
  A briar patch (Swamp:4)
  A creeping inferno (Geh:1)
  3 fire vortices (Hell)
  23 foxfires
  18 fungi
  165 plants
  15 starspawn tentacles
261 creatures vanquished.

Grand Total: 3210 creatures vanquished

Notes
Turn   | Place    | Note
-------+----------+-------------------------------------------
     0 | D:1      | SnailSD the Minotaur Berserker began the quest for the Orb.
     0 | D:1      | Reached XP level 1. HP: 19/19 MP: 0/0
   252 | D:1      | Reached XP level 2. HP: 20/27 MP: 1/1
   800 | D:1      | Reached XP level 3. HP: 29/33 MP: 2/2
   949 | D:1      | Reached ** piety under Trog
  1014 | D:1      | Found a faded altar of an unknown god.
  1565 | D:2      | Found Temuep's Magic Scroll Boutique.
  1868 | D:2      | Noticed Natasha
  1879 | D:2      | Killed Natasha
  1880 | D:2      | Reached XP level 4. HP: 20/41 MP: 3/3
  1925 | D:2      | Noticed Natasha
  1934 | D:2      | Killed Natasha
  2406 | D:2      | Noticed Natasha
  2412 | D:2      | Killed Natasha
  2413 | D:2      | Reached skill level 5 in Fighting
  2566 | D:3      | Reached XP level 5. HP: 22/48 MP: 4/4
  2830 | D:3      | Reached skill level 5 in Axes
  3727 | D:5      | Entered Level 5 of the Dungeon
  3815 | D:5      | Noticed a phantom
  3824 | D:5      | Killed a phantom
  3875 | D:5      | Reached XP level 6. HP: 39/56 MP: 5/5
  4109 | D:5      | You fall into a shaft and drop 1 floor!
  4114 | D:6      | Reached XP level 7. HP: 64/64 MP: 6/6
  4619 | D:5      | Found a runed translucent door.
  4620 | D:5      | Noticed Crazy Yiuf
  4627 | D:5      | Killed Crazy Yiuf
  4770 | D:6      | Found a staircase to the Ecumenical Temple.
  4788 | Temple   | Entered the Ecumenical Temple
  5704 | D:6      | Reached skill level 5 in Armour
  5909 | D:6      | Found a blossoming altar of Fedhas.
  5951 | D:6      | Reached XP level 8. HP: 73/73 MP: 7/7
  6100 | D:7      | Reached *** piety under Trog
  6296 | D:7      | Reached skill level 5 in Dodging
  6683 | D:7      | Noticed a cyclops
  6689 | D:7      | Killed a cyclops
  6849 | D:7      | Noticed Dowan
  6850 | D:7      | Noticed Duvessa
  6857 | D:7      | Reached XP level 9. HP: 51/83 MP: 8/8
  6865 | D:7      | Killed Duvessa
  6871 | D:7      | Killed Dowan
  7899 | D:8      | Noticed Pikel
  7907 | D:8      | Killed Pikel
  8021 | D:8      | Reached skill level 10 in Fighting
  8026 | D:8      | Reached skill level 10 in Axes
  8412 | D:8      | Noticed Psyche
  8422 | D:8      | Killed Psyche
  8423 | D:8      | Reached XP level 10. HP: 57/94 MP: 9/9
  9072 | D:9      | Noticed a two-headed ogre
  9082 | D:9      | Killed a two-headed ogre
  9194 | D:9      | Found Yqekeb's CLEARANCE SALE!.
  9278 | D:9      | Noticed a two-headed ogre
  9284 | D:9      | Killed a two-headed ogre
  9453 | D:9      | Reached **** piety under Trog
 10270 | D:10     | Entered Level 10 of the Dungeon
 10270 | D:10     | Noticed a two-headed ogre
 10280 | D:10     | Killed a two-headed ogre
 10791 | D:10     | Reached XP level 11. HP: 86/100 MP: 10/10
 10845 | D:10     | Found a sacrificial altar of Ru.
 10928 | D:10     | Reached ***** piety under Trog
 11306 | D:10     | Noticed a deep elf pyromancer
 11312 | D:10     | Killed a deep elf pyromancer
 11661 | D:10     | Identified the +6 dire flail of Deflation {vorpal, *Rage
                  | rPois rC- Int+7}
 11661 | D:10     | Noticed a two-headed ogre
 11662 | D:10     | Noticed a two-headed ogre
 11672 | D:10     | Noticed a two-headed ogre
 11673 | D:10     | Found a transporter.
 11674 | D:10     | Noticed a two-headed ogre
 11676 | D:10     | Noticed anyiome's ghost (novice TrFi)
 11678 | D:10     | Noticed a two-headed ogre
 11682 | D:10     | Found a transporter.
 11690 | D:10     | Killed anyiome's ghost
 11691 | D:10     | Killed a two-headed ogre
 12162 | D:10     | Killed a two-headed ogre
 12162 | D:10     | Killed a two-headed ogre
 12167 | D:10     | Killed a two-headed ogre
 12170 | D:10     | Killed a two-headed ogre
 12812 | D:11     | Reached skill level 10 in Armour
 12816 | D:11     | Found a staircase to the Lair.
 12829 | D:11     | Reached XP level 12. HP: 117/117 MP: 11/11
 12890 | D:11     | Found a staircase to the Orcish Mines.
 13087 | D:12     | Noticed a centaur warrior
 13093 | D:12     | Reached skill level 15 in Axes
 13102 | D:12     | Killed a centaur warrior
 13461 | D:12     | Noticed a two-headed ogre
 13468 | D:12     | Killed a two-headed ogre
 14075 | D:12     | Found a runed translucent door.
 14080 | D:12     | Noticed Ravvyt Pui's ghost (journeyman TrEE)
 14092 | D:12     | Killed Ravvyt Pui's ghost
 14097 | D:12     | Identified the +9 hand axe of Jeqyfoagg {flame, rN+ Str+3}
 15003 | D:13     | Reached skill level 15 in Fighting
 15011 | D:13     | Noticed a two-headed ogre
 15019 | D:13     | Killed a two-headed ogre
 15076 | D:13     | Found a hide-covered altar of Uskayaw.
 15094 | D:13     | Reached skill level 10 in Dodging
 15551 | D:13     | Noticed a centaur warrior
 15556 | D:13     | Killed a centaur warrior
 15640 | D:13     | Noticed a two-headed ogre
 15655 | D:13     | Killed a two-headed ogre
 15825 | D:13     | Noticed a catoblepas
 15834 | D:13     | Killed a catoblepas
 15956 | D:14     | Noticed a two-headed ogre
 15961 | D:14     | Noticed a five-headed hydra
 15967 | D:14     | Reached XP level 13. HP: 121/127 MP: 12/12
 16086 | D:14     | Found a stormy altar of Qazlal.
 17789 | D:14     | Found a portal to a secret trove of treasure.
 19841 | D:14     | Found a gate to the Vaults.
 20117 | D:14     | Identified 3 scrolls of acquirement
 20122 | D:14     | Acquired the +11 battleaxe of Egimoxza {protect, Fragile
                  | rPois Int+3 Dex+8}
 20137 | D:14     | Acquired 731 gold pieces
 20142 | D:14     | Acquired 816 gold pieces
 20633 | D:2      | Bought 3 scrolls of acquirement for 2184 gold pieces
 20639 | D:2      | Acquired 857 gold pieces
 20643 | D:2      | Acquired a manual of Armour
 20647 | D:2      | Acquired a manual of Dodging
 20980 | D:15     | Entered Level 15 of the Dungeon
 20980 | D:15     | Identified Roxanne's Reference Book on Transmigration
 20980 | D:15     | Noticed Roxanne
 21594 | D:15     | Reached XP level 14. HP: 120/140 MP: 13/13
 22536 | D:15     | Found a staircase to the Depths.
 22536 | D:15     | Noticed a stone giant
 22540 | D:15     | Killed a stone giant
 22895 | Lair:1   | Entered Level 1 of the Lair of Beasts
 23814 | Lair:2   | Received a gift from Trog
 24552 | Lair:2   | Found a staircase to the Swamp.
 24768 | Lair:3   | Found the +2 hood of the Assassin {Detection Stab+ Stlth++}
 24994 | Lair:3   | Found a burning altar of Makhleb.
 25192 | Lair:3   | You fall into a shaft and drop 1 floor!
 25197 | Lair:4   | Paralysed by a floating eye for 4 turns
 25227 | Lair:4   | Paralysed by a floating eye for 4 turns
 25631 | Lair:4   | Found a staircase to the Snake Pit.
 26278 | Lair:5   | Found a gate leading to a gauntlet.
 26288 | Gauntlet | Entered a Gauntlet
 26288 | Gauntlet | Found a transporter.
 26288 | Gauntlet | Found a runed translucent door.
 26288 | Gauntlet | Found a transporter.
 26295 | Gauntlet | Found a runed translucent door.
 26298 | Gauntlet | Found a transporter.
 26300 | Gauntlet | Found a transporter.
 26309 | Gauntlet | Found a transporter.
 26312 | Gauntlet | Found a transporter.
 26325 | Gauntlet | Found a transporter.
 26336 | Gauntlet | Found a transporter.
 26351 | Gauntlet | Found a transporter.
 26355 | Gauntlet | Found a transporter.
 26363 | Gauntlet | Found a transporter.
 26367 | Gauntlet | Found a transporter.
 26371 | Gauntlet | Found a runed translucent door.
 26522 | Gauntlet | Reached ****** piety under Trog
 26620 | Gauntlet | Identified the +1 chain mail "Woheid Utoi" {Harm rElec
                  | Slay+2}
 26640 | Gauntlet | Identified the +1 cloak of the Minstrel {rPois Int+4 SInv
                  | Stlth-}
 26860 | Lair:5   | Received a gift from Trog
 26870 | Lair:5   | Reached XP level 15. HP: 102/150 MP: 14/14
 27410 | Lair:6   | Entered Level 6 of the Lair of Beasts
 27491 | Lair:6   | Reached skill level 15 in Armour
 27563 | Lair:6   | Found a staircase to the Slime Pits.
 27563 | Lair:6   | Found a viscous altar of Jiyva.
 27909 | Lair:6   | Received a gift from Trog
 28577 | Swamp:1  | Entered Level 1 of the Swamp
 28740 | Swamp:1  | Noticed a fenstrider witch
 28749 | Swamp:1  | Killed a fenstrider witch
 28769 | Swamp:1  | Noticed Frances
 28915 | Swamp:1  | Killed Frances
 29553 | Swamp:2  | Reached skill level 15 in Dodging
 29739 | Swamp:2  | Reached XP level 16. HP: 131/162 MP: 15/15
 29746 | Swamp:2  | Identified the +5 executioner's axe of Insomnia {antimagic,
                  | rElec rF- rC++ rCorr} (Trog gifted it to you on level 2 of
                  | the Swamp)
 29746 | Swamp:2  | Received a gift from Trog
 30434 | Swamp:3  | Paralysed by a fenstrider witch for 6 turns
 30932 | Swamp:4  | Entered Level 4 of the Swamp
 31173 | Swamp:4  | Noticed a thorn hunter
 31187 | Swamp:4  | Killed a thorn hunter
 31194 | Swamp:4  | Noticed a thorn hunter
 31217 | Swamp:4  | Identified the +8 battleaxe "Logolivy" {vorpal, rPois}
                  | (Trog gifted it to you on level 4 of the Swamp)
 31217 | Swamp:4  | Received a gift from Trog
 31406 | Swamp:4  | Killed a thorn hunter
 31681 | Swamp:4  | Got a decaying rune of Zot
 32039 | Snake:1  | Entered Level 1 of the Snake Pit
 32539 | Snake:1  | Identified the +5 pair of gloves of Fantiph {rN+ Will+
                  | rCorr Int+2}
 32620 | Snake:1  | Noticed Aizul
 32632 | Snake:1  | Killed Aizul
 33079 | Snake:2  | Reached XP level 17. HP: 150/173 MP: 16/16
 33601 | Snake:3  | Found Xeyb's Magic Scroll Emporium.
 33609 | Snake:3  | Found Xajulaol's General Store.
 33619 | Snake:3  | Received a gift from Trog
 33816 | Snake:2  | Found Idghey's Magic Scroll Shop.
 33818 | Snake:2  | Noticed Donald
 33829 | Snake:2  | Killed Donald
 33880 | Snake:2  | Found Reof's Distillery.
 33888 | Snake:2  | Bought a potion of curing for 54 gold pieces
 34054 | Snake:2  | Identified the +1 leather armour of the Elven Halls {Str-5
                  | Int+5}
 34271 | Snake:3  | Found a runed translucent door.
 34292 | Snake:3  | Noticed Peloso's ghost (adept MiFi)
 34357 | Snake:3  | Killed Peloso's ghost
 34570 | Snake:4  | Entered Level 4 of the Snake Pit
 34762 | Snake:4  | Noticed Vashnia
 34819 | Snake:4  | Killed Vashnia
 35115 | Snake:4  | Received a gift from Trog
 35472 | Snake:4  | Noticed Agnes
 35480 | Snake:4  | Killed Agnes
 35737 | Snake:4  | Noticed Saint Roka
 35774 | Snake:4  | Killed Saint Roka
 36055 | Snake:4  | Reached XP level 18. HP: 152/187 MP: 17/17
 36131 | Snake:4  | Received a gift from Trog
 36263 | Snake:4  | Got a serpentine rune of Zot
 36819 | Orc:1    | Entered Level 1 of the Orcish Mines
 36867 | Orc:1    | Noticed Erica
 36877 | Orc:1    | Killed Erica
 37303 | Orc:2    | Entered Level 2 of the Orcish Mines
 37330 | Orc:2    | Noticed Azrael
 37345 | Orc:2    | Killed Azrael
 37657 | Orc:2    | Received a gift from Trog
 37792 | Orc:2    | Found a staircase to the Elven Halls.
 37972 | Orc:2    | Found Jaepn's Book Shoppe.
 37975 | Orc:2    | Found Zemamn's General Store.
 37978 | Orc:2    | Found Vuupript's Antique Armour Boutique.
 37984 | Orc:2    | Bought a potion of curing for 48 gold pieces
 37986 | Orc:2    | Found Yfuutz's Book Emporium.
 38102 | Elf:1    | Entered Level 1 of the Elven Halls
 38844 | Elf:1    | Found a gateway to a bazaar.
 39215 | Bazaar   | Entered a bazaar
 39236 | Bazaar   | Found Urutivyce's Jewellery Boutique.
 39250 | Bazaar   | Found Imeh's Distillery.
 39258 | Bazaar   | Bought a potion of curing for 27 gold pieces
 39264 | Bazaar   | Found Kotz's Magic Scroll Boutique.
 39272 | Bazaar   | Bought a scroll of acquirement for 416 gold pieces
 39275 | Bazaar   | Acquired 1156 gold pieces
 39286 | Bazaar   | Found Xosalaba's Jewellery Shop.
 39300 | Bazaar   | Found Raoboeh's Book Boutique.
 39314 | Bazaar   | Found Tybb's Jewellery Shop.
 39383 | Bazaar   | Bought a scroll of enchant armour for 60 gold pieces
 39383 | Bazaar   | Bought a scroll of enchant weapon for 60 gold pieces
 39383 | Bazaar   | Bought a scroll of enchant weapon for 60 gold pieces
 39383 | Bazaar   | Bought a scroll of enchant armour for 60 gold pieces
 39383 | Bazaar   | Bought a scroll of enchant armour for 60 gold pieces
 39515 | Elf:2    | Received a gift from Trog
 39532 | Elf:2    | Paralysed by an air elemental for 1 turns
 39539 | Elf:2    | Paralysed by an air elemental for 1 turns
 39933 | Elf:2    | Paralysed by an air elemental for 1 turns
 40180 | Elf:2    | Found a runed translucent gate.
 40190 | Elf:2    | Found a runed translucent gate.
 40195 | Elf:2    | Found a runed translucent gate.
 40520 | Elf:2    | Received a gift from Trog
 40536 | Elf:2    | Reached XP level 19. HP: 113/198 MP: 18/18
 40730 | Elf:2    | Noticed Louise
 40766 | Elf:2    | Killed Louise
 40986 | Elf:3    | Entered Level 3 of the Elven Halls
 41104 | Elf:3    | Identified the +10 great mace of Discord {vorpal, *Noise
                  | rF+ Will+++ Int+8}
 41220 | Elf:3    | Paralysed by an air elemental for 1 turns
 41448 | Elf:3    | Received a gift from Trog
 41858 | Elf:3    | Identified the ring "Netifuc" {rPois rN+}
 41859 | Elf:3    | Cast into level 2 of the Abyss (a deep elf demonologist)
 42256 | Elf:3    | Escaped the Abyss
 42290 | Elf:3    | Identified the +10 scimitar of Parts Unknown {vorpal, rN+
                  | Dex+4}
 42663 | Elf:3    | Identified the +6 hand axe of Danyat {venom, Int+7}
 42663 | Elf:3    | Identified the +1 leather armour "Suackati" {Rampage Str+3}
 43482 | D:13     | Noticed Snorg
 43489 | D:13     | Killed Snorg
 43566 | Vaults:1 | Entered Level 1 of the Vaults
 43583 | Vaults:1 | Received a gift from Trog
 43686 | Vaults:1 | Found a crumbling gateway.
 43695 | Desolati | Entered the Desolation of Salt
 43837 | Desolati | Identified the ring of Dithmenos's Grace {rElec Will+}
 44009 | Desolati | Identified the +3 glaive of Moral Flaws {flame, Str+2}
                  | (Trog gifted it to you in the Desolation of Salt)
 44009 | Desolati | Received a gift from Trog
 44058 | Desolati | Identified the ring "Heeno" {rElec rF+}
 44139 | Desolati | Identified the +7 triple sword of Gluttony {venom, *Noise
                  | Will++ Int+4}
 44183 | Desolati | Reached XP level 20. HP: 208/210 MP: 19/19
 44276 | Desolati | Identified the +2 pair of gloves "Juip" {rF+ Dex+4}
 44392 | Desolati | Reached skill level 27 in Axes
 44521 | Desolati | Identified the ring "Machadon" {EV+4 Stlth+}
 44664 | Desolati | Identified the +2 great mace of the Arena {spect, rCorr
                  | Str+3}
 44666 | Desolati | Identified the ring of Siyfuto {*Slow rF+ rC+ Dex+2 SInv}
 44717 | Desolati | Identified the +9 battleaxe "Hoick" {flame, *Noise rPois
                  | Will++} (Trog gifted it to you in the Desolation of Salt)
 44717 | Desolati | Received a gift from Trog
 46161 | Vaults:2 | Noticed Frederick
 46171 | Vaults:2 | Killed Frederick
 46337 | Vaults:2 | Identified the +8 halberd of Tewaloyc {drain, Drain rPois
                  | rN++}
 46518 | Vaults:2 | Received a gift from Trog
 46703 | Vaults:2 | Found a staircase to the Crypt.
 46703 | Vaults:2 | Found an ancient bone altar of Kikubaaqudgha.
 46704 | Vaults:2 | Found a basalt altar of Yredelemnul.
 47356 | Vaults:2 | Noticed Boris
 47371 | Vaults:2 | Killed Boris
 47480 | Vaults:3 | Noticed Sojobo
 47484 | Vaults:3 | Found Jiamatz's Assorted Antiques.
 47502 | Vaults:2 | Killed Sojobo
 47502 | Vaults:2 | Received a gift from Trog
 47569 | Vaults:3 | Reached XP level 21. HP: 217/222 MP: 20/20
 47609 | Vaults:3 | Bought a potion of curing for 69 gold pieces
 47641 | Vaults:3 | Noticed Xtahua
 47669 | Vaults:2 | Killed Xtahua
 47789 | D:14     | You paid a toll of 20 potions of curing to enter a treasure
                  | trove
 47790 | Trove    | Entered a treasure trove
 47801 | Trove    | Identified the +5 kite shield of the Land of Plenty {Harm
                  | Str+2}
 47804 | Trove    | Identified the ring of Due Proportion {rElec rPois rC+
                  | Will- Slay+4}
 47808 | Trove    | Identified the +0 buckler "Fonaxt" {rPois rF- rN++}
 48201 | Vaults:3 | Reached skill level 27 in Fighting
 48471 | Vaults:3 | Received a gift from Trog
 48689 | Vaults:3 | Noticed Mennas
 48705 | Vaults:3 | Killed Mennas
 48914 | Vaults:3 | Identified the +1 leather armour of Enifetsu {rElec MP+9
                  | Int+4 SInv}
 49371 | Vaults:4 | Received a gift from Trog
 49698 | Vaults:4 | Noticed a golden dragon
 50109 | Vaults:4 | Noticed Boris
 50121 | Vaults:4 | Killed Boris
 50195 | Vaults:4 | Reached XP level 22. HP: 208/233 MP: 21/21
 50266 | Vaults:4 | Received a gift from Trog
 50657 | Vaults:5 | Entered Level 5 of the Vaults
 51130 | Vaults:5 | Gained mutation: You are weak. (Str -2) [a shining eye]
 51276 | Vaults:5 | Noticed a dread lich
 51637 | Vaults:5 | Noticed a golden dragon
 51655 | Vaults:5 | Killed a golden dragon
 51826 | Vaults:5 | Received a gift from Trog
 52098 | Vaults:5 | Noticed an ancient lich
 52116 | Vaults:5 | Killed an ancient lich
 52190 | Vaults:5 | Killed a dread lich
 52634 | Vaults:5 | Identified the +10 triple sword "Sarcophage" {vorpal, rPois
                  | Str+3} (Trog gifted it to you on level 5 of the Vaults)
 52634 | Vaults:5 | Received a gift from Trog
 52828 | Vaults:5 | Found Tuung's Antique Armour Boutique.
 52829 | Vaults:5 | Found Salept's Jewellery Shop.
 52928 | Vaults:5 | Got a silver rune of Zot
 53378 | Crypt:1  | Entered Level 1 of the Crypt
 53379 | Crypt:1  | Acquired the +2 cloak of Sin {Drain rElec rF++ Stlth+}
 53498 | Crypt:1  | Reached XP level 23. HP: 231/240 MP: 22/22
 53677 | Crypt:1  | Found the +6 Majin-Bo {vamp, MP+6 Int+6}
 53937 | Crypt:1  | Received a gift from Trog
 54855 | Crypt:2  | Paralysed by a vampire knight for 7 turns
 55195 | Crypt:3  | Entered Level 3 of the Crypt
 55497 | Crypt:3  | Found a basalt altar of Yredelemnul.
 55524 | Crypt:3  | Received a gift from Trog
 55750 | Crypt:3  | Identified the amulet "Hedo" {RegenMP rElec}
 55938 | Crypt:3  | Found a staircase to the Tomb.
 55939 | Crypt:3  | Noticed an ancient lich
 55949 | Crypt:3  | Killed an ancient lich
 55949 | Crypt:3  | Received a gift from Trog
 56119 | Crypt:3  | Identified the ring "Xemupiof" {Will+ Dex+6 Stlth+}
 56269 | Crypt:3  | Found the +5 scythe "Finisher" {speed, eviscerate}
 56598 | Tomb:1   | Entered Level 1 of the Tomb of the Ancients
 56709 | Tomb:1   | Reached skill level 27 in Dodging
 56953 | Tomb:1   | Received a gift from Trog
 57273 | Tomb:1   | Reached skill level 1 in Evocations
 57476 | Tomb:1   | Reached XP level 24. HP: 231/244 MP: 22/22
 57487 | Tomb:1   | Noticed a royal mummy
 58048 | Tomb:1   | Killed a royal mummy
 58196 | Tomb:1   | Noticed a royal mummy
 58213 | Tomb:1   | Noticed a royal mummy
 58220 | Tomb:1   | Killed a royal mummy
 58225 | Tomb:1   | Noticed a royal mummy
 58227 | Tomb:1   | Noticed a royal mummy
 58229 | Tomb:1   | Noticed a royal mummy
 58229 | Tomb:1   | Noticed a royal mummy
 58742 | Depths:1 | Entered Level 1 of the Depths
 58748 | Depths:1 | Found a gateway to Hell.
 58881 | Depths:1 | Identified the ring of Uhybboas {*Slow Fly rC++}
 58884 | Depths:1 | Identified the amulet of Lyetsiuq {RegenMP rN+}
 58984 | Depths:1 | Found a one-way gate leading to the halls of Pandemonium.
 59039 | Depths:1 | Noticed Bai Suzhen
 59055 | Depths:1 | Killed Bai Suzhen
 59226 | Depths:1 | Received a gift from Trog
 59259 | Depths:1 | Noticed Nikola
 59264 | Depths:1 | Killed Nikola
 59350 | Depths:1 | Reached skill level 27 in Armour
 59420 | Depths:1 | Reached skill level 5 in Evocations
 60112 | Depths:2 | Identified the +1 chain mail of the Guardian {rPois Will+
                  | Dex+2}
 60245 | Depths:2 | Found a runed translucent door.
 60245 | Depths:2 | Noticed a juggernaut
 60247 | Depths:2 | Found the +0 mask of the Dragon {Will+ Slay+3 SInv}
 60247 | Depths:2 | Found the +8 orange crystal plate armour {Archmagi, Int+3
                  | Clar}
 60257 | Depths:2 | Killed a juggernaut
 60307 | Depths:2 | Identified the +4 great mace "Itirob" {venom, rC+}
 60574 | Depths:2 | Found a one-way gateway to a ziggurat.
 60797 | Depths:2 | Received a gift from Trog
 61055 | Depths:2 | Found Muitwaut's Book Shoppe.
 61055 | Depths:2 | Found Dihu's Jewellery Boutique.
 61056 | Depths:2 | Found Oriem's Book Shoppe.
 61299 | Depths:3 | Noticed Mara
 61319 | Depths:3 | Killed Mara
 61339 | Depths:3 | Noticed Margery
 61361 | Depths:3 | Killed Margery
 61437 | Depths:3 | Found a one-way gate to the infinite horrors of the Abyss.
 61444 | Depths:3 | Reached skill level 10 in Evocations
 61751 | Depths:3 | Received a gift from Trog
 61852 | Depths:3 | Noticed a juggernaut
 61860 | Depths:3 | Killed a juggernaut
 61880 | Depths:3 | Noticed a dread lich
 61883 | Depths:3 | Killed a dread lich
 62193 | Depths:3 | Reached XP level 25. HP: 257/257 MP: 22/22
 62371 | Depths:3 | Found a basalt altar of Yredelemnul.
 62620 | Depths:4 | Entered Level 4 of the Depths
 62620 | Depths:4 | Noticed a juggernaut
 62624 | Depths:4 | Killed a juggernaut
 62868 | Depths:4 | Received a gift from Trog
 62874 | Depths:4 | Noticed Boris
 62878 | Depths:4 | Killed Boris
 63260 | Depths:4 | Found a gate to the Realm of Zot.
 63475 | Depths:1 | Identified the +7 quarterstaff of Desperation {vorpal, rC+
                  | rN+}
 63631 | Hell     | Entered the Vestibule of Hell
 63642 | Hell     | Noticed Geryon
 63665 | Hell     | Killed Geryon
 63923 | Hell     | Reached skill level 15 in Evocations
 64032 | Depths:1 | Received a gift from Trog
 64297 | Hell     | Found a gateway to the ashen valley of Gehenna.
 64306 | Geh:1    | Entered Level 1 of Gehenna
 64306 | Geh:1    | Noticed an ancient lich
 64643 | Hell     | Found a gateway to the Iron City of Dis.
 64808 | Hell     | Found a gateway to the decaying netherworld of Tartarus.
 64886 | Hell     | Found a gateway to the freezing wastes of Cocytus.
 65580 | Depths:3 | Voluntarily entered the Abyss.
 65699 | Abyss:1  | Noticed an ancient lich
 65711 | Abyss:1  | Killed an ancient lich
 66719 | Abyss:2  | Found a bloodstained altar of Trog.
 66811 | Abyss:3  | Paralysed by accursed screaming for 1 turns
 66818 | Abyss:3  | Paralysed by accursed screaming for 1 turns
 66842 | Abyss:3  | Reached XP level 26. HP: 211/266 MP: 17/17
 66842 | Abyss:3  | Reached XP level 27. HP: 216/273 MP: 17/17
 66842 | Abyss:3  | Got an abyssal rune of Zot
 66882 | Depths:3 | Escaped the Abyss
 66990 | Pan      | Entered Pandemonium
 67074 | Pan      | Gained mutation: You tend to lose your temper in combat. [a
                  | neqoxec]
 67075 | Pan      | Gained mutation: You are robust. (+10% HP) [a neqoxec]
 67123 | Pan      | Noticed Geatypp the pandemonium lord
 67152 | Pan      | Killed Geatypp the pandemonium lord
 68066 | Pan      | Entered the realm of Cerebov.
 68079 | Pan      | Identified the +6 demon blade of Judgement {venom, rElec
                  | Will+ Dex-2}
 68741 | Pan      | Received a gift from Trog
 68928 | Pan      | Found the +6 sword of Cerebov {flame}
 68928 | Pan      | Noticed Cerebov
 68959 | Pan      | Killed Cerebov
 69144 | Pan      | Identified the ring "Xaus" {*Slow rN++ AC+4}
 69223 | Pan      | Got a fiery rune of Zot
 69400 | Pan      | Identified the +4 hand crossbow of Weguezoh {flame, rElec
                  | rPois rC+}
 69503 | Pan      | Identified the +0 kite shield of Quiet Fog {Int+4 SInv
                  | Stlth+}
 69504 | Pan      | Identified the +6 spear of Exquisite Death {freeze, rN++}
 69555 | Pan      | Identified the +0 leather armour "Damnable Contraption"
                  | {Str+2 Dex+2}
 69807 | Pan      | Found an exit through the horrors of the Abyss.
 69852 | Pan      | Gained mutation: Your spells are a little easier to cast,
                  | but a little less powerful. [a cacodemon]
 69880 | Pan      | Noticed Visyhu the pandemonium lord
 70181 | Pan      | Killed Visyhu the pandemonium lord
 70183 | Pan      | Received a gift from Trog
 70190 | Pan      | Identified the +1 chain mail "Ucsuzxuave" {rElec rPois
                  | Slay+3}
 70404 | Pan      | Found a runed translucent door.
 70419 | Pan      | Got a demonic rune of Zot
 70614 | Pan      | Gained mutation: Your body sometimes deteriorates upon
                  | taking damage. [a cacodemon]
 71504 | Depths:2 | Escaped Pandemonium
 71819 | Slime:1  | Entered Level 1 of the Pits of Slime
 72415 | Slime:2  | Received a gift from Trog
 72884 | Slime:3  | Gained mutation: Your body often deteriorates upon taking
                  | damage. [a shining eye]
 73149 | Slime:4  | Noticed Dissolution
 73156 | Slime:4  | Killed Dissolution
 73227 | Slime:5  | Entered Level 5 of the Pits of Slime
 73250 | Slime:5  | Noticed the Royal Jelly
 73252 | Slime:5  | Gained mutation: Your magical capacity is low. (-10% MP) [a
                  | shining eye]
 73256 | Slime:5  | Gained mutation: You are occasionally teleported next to
                  | monsters. [a shining eye]
 73358 | Slime:5  | Killed the Royal Jelly
 73646 | Slime:5  | Identified the +5 scale mail "Cuozab" {Harm Drain rElec}
 73662 | Slime:5  | Identified the +6 war axe of the Dove {spect, rElec}
 73724 | Slime:5  | Got a slimy rune of Zot
 73765 | Slime:5  | Acquired 880 gold pieces
 73806 | Slime:4  | Gained mutation: You often lose your temper in combat. [a
                  | shining eye]
 73806 | Slime:4  | Gained mutation: You are dopey. (Int -2) [a shining eye]
 73807 | Slime:4  | Gained mutation: You have hidden genetic defects. [a
                  | shining eye]
 73810 | Slime:4  | Gained mutation: You sometimes lose the ability to read
                  | scrolls when taking damage. [a shining eye]
 73815 | Slime:4  | Gained mutation: Your magical capacity is very low. (-20%
                  | MP) [a shining eye]
 73817 | Slime:4  | Gained mutation: Potions are less effective at restoring
                  | your health. [a shining eye]
 73829 | Slime:4  | Received a gift from Trog
 74249 | Slime:4  | Gained mutation: You are very dopey. (Int -4) [a shining
                  | eye]
 74896 | Vaults:5 | Bought a pair of runed boots for 232 gold pieces
 75133 | Pan      | Entered Pandemonium
 75138 | Pan      | Gained mutation: Your spells are easier to cast, but less
                  | powerful. [a cacodemon]
 75238 | Pan      | Lost mutation: Your spells are easier to cast, but less
                  | powerful. [potion of mutation]
 75238 | Pan      | Lost mutation: Your body often deteriorates upon taking
                  | damage. [potion of mutation]
 75239 | Pan      | Lost mutation: You are very dopey. (Int -4) [potion of
                  | mutation]
 75239 | Pan      | Lost mutation: You sometimes lose the ability to read
                  | scrolls when taking damage. [potion of mutation]
 75240 | Pan      | Lost mutation: Your magical capacity is very low. (-20% MP)
                  | [potion of mutation]
 75240 | Pan      | Lost mutation: Your magical capacity is low. (-10% MP)
                  | [potion of mutation]
 75240 | Pan      | Lost mutation: Your spells are a little easier to cast, but
                  | a little less powerful. [potion of mutation]
 75241 | Pan      | Lost mutation: Your body sometimes deteriorates upon taking
                  | damage. [potion of mutation]
 75241 | Pan      | Lost mutation: You have hidden genetic defects. [potion of
                  | mutation]
 75241 | Pan      | Lost mutation: Potions are less effective at restoring your
                  | health. [potion of mutation]
 75241 | Pan      | Lost mutation: You are robust. (+10% HP) [potion of
                  | mutation]
 75241 | Pan      | Gained mutation: Your flesh is cold resistant. (rC+)
                  | [potion of mutation]
 75242 | Pan      | Lost mutation: You are dopey. (Int -2) [potion of mutation]
 75242 | Pan      | Lost mutation: You are occasionally teleported next to
                  | monsters. [potion of mutation]
 75242 | Pan      | Lost mutation: You are weak. (Str -2) [potion of mutation]
 75242 | Pan      | Gained mutation: You have an uncontrollable temper. [potion
                  | of mutation]
 75242 | Pan      | Gained mutation: You are clumsy. (Dex -2) [potion of
                  | mutation]
 75253 | Pan      | Found an exit through the horrors of the Abyss.
 75288 | Pan      | Gained mutation: You are weak. (Str -2) [a neqoxec]
 75703 | Pan      | Found a runed translucent door.
 75714 | Pan      | Found a runed translucent door.
 75724 | Pan      | Found a runed translucent door.
 75724 | Pan      | Found a runed translucent door.
 75782 | Pan      | Identified the +1 hat of Resourcefulness {rF+}
 75929 | Pan      | Noticed Xemaor the pandemonium lord
 75951 | Pan      | Killed Xemaor the pandemonium lord
 76270 | Pan      | Received a gift from Trog
 76319 | Pan      | Noticed Sozxyzxa the pandemonium lord
 76339 | Pan      | Killed Sozxyzxa the pandemonium lord
 76628 | Pan      | Found an exit through the horrors of the Abyss.
 76919 | Pan      | Gained mutation: You are very clumsy. (Dex -4) [a neqoxec]
 77547 | Pan      | Gained mutation: Your magical capacity is low. (-10% MP) [a
                  | cacodemon]
 77971 | Pan      | Noticed Zorix the pandemonium lord
 77990 | Pan      | Killed Zorix the pandemonium lord
 77990 | Pan      | Received a gift from Trog
 78482 | Pan      | Noticed Lenirph the pandemonium lord
 78505 | Pan      | Killed Lenirph the pandemonium lord
 79530 | Pan      | Received a gift from Trog
 79770 | Pan      | Noticed Hohoem the pandemonium lord
 79796 | Pan      | Killed Hohoem the pandemonium lord
 80256 | Pan      | HP: 6/273 [hellion/damnation (18)]
 80256 | Pan      | Killed from afar by a hellion

Illustrated notes

Levels and vault maps discovered:
D:1:      psy_arrival_heroes, layout_basic, shapermc_ecumenical_altar_petra,
          roderic_lattice_a, minmay_cupped
D:2:      layout_basic, serial_shops, nicolae_shop_trees, uniq_natasha
D:3:      layout_rooms, hangedman_decor_lopped
D:4:      layout_basic, serial_rivers, chequers_serial_rivers_large_b,
          chequers_serial_rivers_large_a, chequers_serial_rivers_marsh,
          chequers_serial_rivers_room_b
D:5:      layout_loops_cross, uniq_crazy_yiuf_cottage
D:6:      layout_rooms, fedhas_altar_fruit_tree, minmay_temple_entry_grid
D:7:      layout_basic, serial_bayou, serial_bayou_pond_a, serial_bayou_pond_a,
          serial_bayou_ford_a, serial_bayou_shore_a, serial_bayou_pond_b,
          serial_bayou_pond_c, uniq_duvessa
D:8:      layout_gridville, special_room [special_room_orc], uniq_psyche,
          uniq_pikel
D:9:      layout_loops_ring, kennysheep_big_empty_room, nicolae_shop_clearance
D:10:     layout_layer_cave, nicolae_ru_great_annihilating_truth,
          gammafunk_ghost_smash
D:11:     layout_rooms, minmay_lair_entry_grove, orc_0_dummy, fungi_pond_lemuel
D:12:     layout_stronghold, ebering_ghost_reflecting_pool, billiards_dpeg
D:13:     layout_stronghold, serial_column_ruins, column_ruins_hut,
          column_ruins_columns_straight, column_ruins_open_tiny,
          column_ruins_grid_4, column_ruins_grid_3,
          column_ruins_columns_straight, column_ruins_corridor_corner,
          corner_web_ring, nicolae_uskayaw_en_pointe, uniq_snorg
D:14:     layout_cave_pools, grunt_vaults_entry_fortified,
          trove_entry_hex_spiral, chequers_serial_rivers_small_3,
          nicolae_qazlal_scattered_showers
D:15:     grunt_enter_depths_snipers, layout_irregular_city,
          grunt_decor_arrowhead, uniq_roxanne
Temple:   mainiacjoe_temple_big_plus
Lair:1:   layout_cave_pods, lemuel_fruit_fields
Lair:2:   layout_cave_pods, nicolae_swamp_entry_splash_gauntlet,
          beast_lair_carwin_1
Lair:3:   wad_woods_stonehenge, layout_misc_corridors, guppyfry_lair_drakes
Lair:4:   layout_gridlike, dummy_snake_entry, disabler_island
Lair:5:   layout_loops_ring, gauntlet_entry_generic,
          nicolae_quartered_pool_super, infiniplex_staircase_pool
Lair:6:   grunt_lair_end_beastmaster, layout_regular_city, slime_altar_1,
          lemuel_fruit_tree
Swamp:1:  layout_basic_swamp, evilmike_swamp_ruin_rubble_2, uniq_frances
Swamp:2:  layout_basic_swamp, nicolae_swamp_ascending_descending_big
Swamp:3:  layout_falls_marsh, evilmike_swamp_ruin_house_6
Swamp:4:  swamp, layout_basic_swamp
Snake:1:  layout_rooms, uniq_aizul
Snake:2:  layout_basic, minmay_shop_star, uniq_donald
Snake:3:  layout_misc_corridors, hellmonk_ghost_happy_afterlife,
          minmay_shoptagon
Snake:4:  snake_pit, layout_cave_town, grunt_megastairs_2, uniq_vashnia,
          uniq_agnes, uniq_saint_roka
Slime:1:  layout_caves
Slime:2:  layout_caves
Slime:3:  layout_caves
Slime:4:  layout_caves, dissolution_awaits
Slime:5
Orc:1:    layout_diamond_mine, uniq_erica
Orc:2:    st_orc_open, layout_caves, uniq_azrael
Elf:1:    eino_elf_arrival_sip, layout_geoelf_octagon, serial_shops,
          bzr_entry_water, hangedman_elven_crosses_minicolossus
Elf:2:    elven_hall_of_blades_hangedman_original
          [nicolae_vaults_blade_armed_guards], layout_loops_corners, uniq_louise
Elf:3:    minmay_elf_hall_dome, layout_gridlike
Vaults:1: portal_desolation_entry_ruin, v_misc_9, hangedman_vaults_restitches,
          v_alt_pattern_1, ontoclasm_vaults_idyll, v_misc_22, v_pattern_2,
          vaults_room_octagon, nicolae_vaults_network_periphery, v_misc_23,
          vaults_dpeg_encased_lava, vaults_room_pools, layout_vaults_omnicross
Vaults:2: v_pattern_5, hangedman_vaults_slice, nicolae_vaults_asterisk,
          v_misc_13, minmay_crypt_entry_necro_gods,
          ontoclasm_vaults_loading_screen, vaults_room_door_ring,
          st_smaller_cells, vaults_room_pool, layout_vaults_omnigrid,
          uniq_frederick, uniq_boris
Vaults:3: nicolae_vaults_little_ls, vaults_dpeg_cross, hangedman_vaults_trim,
          hangedman_vaults_slither, grunt_vaults_hallway_short, v_misc_1,
          nicolae_vaults_branching_niches, nicolae_vaults_little_squares_2,
          serial_ice_b, vaults_room_semicircle, v_misc_2,
          nicolae_vaults_rhombus_7, vaults_room_stairs_pillars,
          vaults_mumra_hexcomb, layout_vaults_maze_snakey, serial_shops, shop,
          uniq_sojobo, uniq_xtahua, uniq_mennas
Vaults:4: hangedman_vaults_corner, hangedman_vaults_stagger,
          nicolae_vaults_specimen_jars, v_misc_27, v_misc_25,
          vaults_room_door_hall, nicolae_vaults_little_squares_5,
          nicolae_vaults_border_crossing, nicolae_vaults_network_quinsquares
          [nicolae_vaults_network_quincunx_subvault,
          nicolae_vaults_network_quincunx_subvault,
          nicolae_vaults_network_quincunx_subvault,
          nicolae_vaults_network_quincunx_subvault], ontoclasm_vaults_idyll,
          st_lines, vaults_dpeg_hooks, hangedman_vaults_stretched_pinwheel,
          layout_vaults_omnibox
Vaults:5: serial_shops
Crypt:1:  minmay_guarded_unrand_majin_bo, layout_chaotic_city,
          grunt_crypt_arrival_split, grunt_megastairs_1
Crypt:2:  layout_misc_corridors
Crypt:3:  grunt_crypt_end_deaths_head
Tomb:1
Depths:1: layout_cave_pools, grunt_pan_entry_zigzag, hell_entry,
          roderic_serpentine_path, minmay_fire_ice_demons, serial_bayou_shore_b,
          grunt_megastairs_3, serial_bayou_shore_b, serial_bayou_shore_b,
          firewood_loft, uniq_nikola, uniq_bai_suzhen
Depths:2: minmay_gate_of_8, layout_long_grid, enter_ziggurat_e, special_room
          [special_room_mythical_zoo], rand_demon_pan_entry_4,
          grunt_mini_vestibule, bh_walls_and_bars,
          infiniplex_staircase_zigzag_5, minmay_shop_grove, serial_bayou_shore_b
Depths:3: kennysheep_large_spiral, layout_basic, abyss_entry, pf_coc_iceberg,
          nicolae_elevator_lobby_plus, hangedman_blasphemy,
          minmay_staircase_bubble, uniq_mara, uniq_margery
Depths:4: evilmike_zot_entry_basic, layout_small_grid, minmay_misc_feat_hallway,
          minmay_room_of_horrors, hell_entry, grunt_megastairs_4
Hell
Geh:1:    layout_gehenna_pools_basic, evilmike_ambush
          [evilmike_ambush_outer_basic, evilmike_ambush_inner_wall_1]
Pan:      evilmike_mini_pan_doors, layout_gridlike, cerebov_st, layout_gridlike,
          pan_blood_fountain_small, regret_index_pan_draining_boxed,
          layout_gridlike, rand_demon_7, layout_rooms, rand_demon_2,
          layout_gridville, nicolae_pan_sigil_eeng, evilmike_mini_pan_T,
          layout_cross, grunt_pan_sceptre, layout_gridville,
          lemuel_hellion_island, layout_rooms

Skill      XL: |  1  2  3  4  5  6  7  8  9 10 11 12 13 14 15 16 17 18 19 20 21 22 23 24 25 26 27 |
---------------+----------------------------------------------------------------------------------+-----
Axes           | 4 5 6 7 9 10 12 14 17 19 21 22 23 24 25 26 27 | 27.0
Fighting       | 4 5 6 7 9 10 12 14 15 17 18 20 21 22 23 25 26 27 | 27.0
Armour         | 3 4 5 6 7 8 10 11 12 14 16 18 19 20 21 23 24 26 27 | 27.0
Dodging        | 3 4 5 6 7 9 10 11 13 15 16 17 18 19 20 22 25 27 | 27.0
Evocations     | 1 12 17 26 | 26.2

Action                   |  1- 3 |  4- 6 |  7- 9 | 10-12 | 13-15 | 16-18 | 19-21 | 22-24 | 25-27 || total
-------------------------+-------+-------+-------+-------+-------+-------+-------+-------+-------++-------
Melee: Hand axe          |    84 |    27 |       |   101 |   151 |       |       |       |       ||   363
       Headbutt          |    12 |     7 |    21 |    94 |   199 |   246 |   353 |   428 |   676 ||  2036
       Punch             |     1 |       |       |     4 |     4 |       |       |       |       ||     9
       War axe           |       |    33 |   145 |   323 |       |       |       |       |       ||   501
       Battleaxe         |       |       |       |       |   678 |   773 |       |       |       ||  1451
       Executioner's axe |       |       |       |       |       |   351 |  1268 |  1354 |  2121 ||  5094
Invok: Berserk           |     1 |     2 |     6 |     9 |    10 |     9 |     8 |     7 |    15 ||    67
       Brothers in Arms  |       |       |       |     1 |     1 |     1 |     1 |       |     2 ||     6
       Trog's Hand       |       |       |       |       |       |     1 |     4 |     1 |    11 ||    17
Evoke: Wand              |       |       |       |       |       |       |       |       |     2 ||     2
  Use: Scroll            |       |     6 |     7 |    12 |    13 |    11 |     4 |     9 |     2 ||    64
       Potion            |       |       |       |       |     1 |     6 |       |     3 |     5 ||    15
 Stab: Paralysed         |       |       |       |     1 |       |       |       |       |       ||     1
       Petrified         |       |       |       |       |     1 |       |       |     1 |       ||     2
       Petrifying        |       |       |       |       |     1 |       |       |       |       ||     1
       Distracted        |       |       |       |       |       |     1 |       |       |     3 ||     4
       Invisible         |       |       |       |       |       |       |       |       |     1 ||     1
Armor: Animal skin       |    23 |     8 |     5 |       |       |       |       |       |       ||    36
       Scale mail        |       |       |    30 |       |       |       |       |       |       ||    30
       Chain mail        |       |       |     4 |   164 |    53 |       |       |       |       ||   221
       Plate armour      |       |       |       |       |   413 |   640 |   674 |   767 |       ||  2494
       Crystal plate arm |       |       |       |       |       |       |       |    95 |  1485 ||  1580
       Skin              |       |       |       |       |       |       |       |       |    28 ||    28
Dodge: Dodged            |    49 |    44 |   134 |   275 |   545 |   788 |   611 |  1000 |  1389 ||  4835
